 Dungeon Crawl Stone Soup version 0.29.0-13-gc9e81de378 (webtiles) character file.

Game seed: 3016319618707694762

8188 Arum the Fighter (level 11, 0/85 HPs)
             Began as a Formicid Fighter on Sept 9, 2022.
             Was a Priest of Hepliaklqana.
             Slain by a wolf spider (9 damage)
             ... on level 9 of the Dungeon.
             The game lasted 00:12:49 (10676 turns).

Arum the Fighter (Formicid Fighter)                Turns: 10676, Time: 00:12:50

Health: 0/85       AC: 20    Str: 25    XL:     11   Next: 51%
Magic:  11/11      EV:  7    Int:  8    God:    Hepliaklqana [***...]
Gold:   269        SH: 10    Dex: 13    Spells: 10/10 levels left

rFire   . . .      SeeInvis +   A - +4 dire flail (freeze)
rCold   . . .      Faith    .   c - +0 buckler
rNeg    . . .      Spirit   .   b - +1 plate armour
rPois   .          Reflect  +   (helmet unavailable)
rElec   .          Harm     .   G - +2 cloak {Will+}
rCorr   .          Rampage  .   (no gloves)
Will    ++...                   v - +0 pair of boots
Stlth   ..........              x - amulet of reflection
HPRegen 0.24/turn               (no ring)
MPRegen 0.12/turn               (no ring)

@: no status effects
A: reduced essence, permanent stasis, dig shafts and tunnels, antennae 3, four
strong arms
a: Dig, Shaft Self, Renounce Religion, Recall Ancestor, Ancestor Identity,
Transference


You were on level 9 of the Dungeon.
You worshipped Hepliaklqana.
Hepliaklqana was most pleased with you.
You visited 1 branch of the dungeon, and saw 9 of its levels.

You collected 689 gold pieces.
You spent 420 gold pieces at shops.

Inventory:

Hand Weapons
 o - a +1 mace of holy wrath
 t - a +0 giant spiked club of protection
 z - a +2 morningstar of protection
 A - a +4 dire flail of freezing (weapon)
Missiles
 e - a throwing net
Armour
 b - a +1 plate armour (worn)
 c - a +0 buckler (worn)
 v - a +0 pair of boots (worn)
 G - a +2 cloak of willpower (worn)
Jewellery
 r - an amulet of magic regeneration
 s - an amulet of the acrobat
 x - an amulet of reflection (around neck)
Wands
 u - a wand of polymorph (7)
 B - a wand of charming (3)
 E - a wand of flame (42)
Scrolls
 j - 2 scrolls of fear
 k - a scroll of poison
 n - a scroll of enchant weapon {unknown}
 p - a scroll of noise
 w - a scroll of enchant armour
 D - 3 scrolls of vulnerability
Potions
 a - a potion of invisibility
 d - 2 potions of might
 f - 8 potions of brilliance
 g - 4 potions of mutation
 h - 3 potions of flight
 i - a potion of heal wounds
 l - a potion of cancellation {unknown}
 m - a potion of curing
 q - a potion of resistance


   Skills:
 + Level 11.6 Fighting
 + Level 10.5 Maces & Flails
 + Level 10.7 Armour
 - Level 4.0 Shields


You had 10 spell levels left.
You didn't know any spells.
Your spell library contained the following spells:

 Spells                   Type           Power      Damage    Failure   Level
 Apportation              Tloc           0%         N/A       99%         1
 Necrotise                Necr           0%         1d4       99%         1
 Sublimation of Blood     Necr           0%         N/A       100%        2
 Dazzling Flash           Conj/Hex       0%         N/A       100%        3
 Tukima's Dance           Hex            0%         N/A       100%        3
 Vampiric Draining        Necr           0%         2d6       100%        3
 Anguish                  Hex/Necr       0%         N/A       100%        4
 Animate Dead             Necr           0%         N/A       100%        4
 Iskenderun's Mystic Bla  Conj/Tloc      0%         2d3       100%        4
 Alistair's Intoxication  Tmut/Pois      0%         N/A       100%        5
 Borgnjor's Vile Clutch   Necr/Erth      0%         N/A       100%        5
 Manifold Assault         Tloc           0%         N/A       100%        5
 Death Channel            Necr           0%         N/A       100%        6
 Starburst                Conj/Fire      0%         6d3       100%        6
 Enfeeble                 Hex            0%         N/A       100%        7
 Storm Form               Tmut/Air       0%         N/A       100%        7
 Blink                    Tloc           Unusable   N/A       N/A         2

Dungeon Overview and Level Annotations

Branches:
Dungeon (9/15)             Temple (0/1) D:5            Lair (0/5) D:9
    Orc: D:9-12

Altars:
Hepliaklqana
Kikubaaqudgha

Shops:
D:3 =   D:6 !


Innate Abilities, Weirdness & Mutations

Your life essence is reduced to manifest your ancestor. (-10% HP)
You cannot be hasted, slowed, berserked, paralysed or teleported.
You can dig through walls and to a lower floor.
You have a pair of large antennae on your head. (SInv)
Your four strong arms can wield two-handed weapons with a shield.


Message History

Sasage Kyosco hits the wolf spider but does no damage.
Sasage Kyosco points at the wolf spider and mumbles some strange words.
The wolf spider resists with some effort.
The wolf spider hits Sasage Kyosco.
The wolf spider bites Sasage Kyosco.
You swap places.
Found 7 gold pieces.
The wolf spider hits you! The wolf spider closely misses you.
There is an open door here.
Unknown command.
The centaur warrior shouts!
The wolf spider hits you! The wolf spider barely misses you.
Sasage Kyosco casts a spell at the wolf spider.
The wolf spider resists with some effort.
The wolf spider barely misses you. The wolf spider bites you!
You are poisoned.
The wolf spider poisons you!
You see here a +0 robe.
You sock the wolf spider! You freeze the wolf spider.
The wolf spider is lightly wounded.
You feel extremely sick. You block the wolf spider's attack.
The wolf spider bites you!
You are lethally poisoned!
The wolf spider poisons you!
You impale the wolf spider!! You freeze the wolf spider.
The wolf spider is heavily wounded.
You feel extremely sick. The wolf spider hits you!
The wolf spider bites you but does no damage.
You are too injured to fight recklessly!
Unknown command.
You closely miss the wolf spider.
The wolf spider is heavily wounded.
* * * LOW HITPOINT WARNING * * *
You feel extremely sick.
Sasage Kyosco hits the wolf spider with a +0 dagger of draining.
The wolf spider barely misses you. You block the wolf spider's attack.
Sasage Kyosco barely misses the wolf spider.
You feel better. The wolf spider hits you!
* * * LOW HITPOINT WARNING * * *
The wolf spider bites you!
You die...

#.# ###.......
#########.###.........
#..........#..#.......
####'######..##.......
#..)#...#####....(.. {
#...'.†.# #.......
#...#...# #.......
######'## #.......
#|.@#...# #....... {
#..sR...# #.......
#=.!#...# #.......
######+## ####..##
#..{ ##.. { +.. { ...
#$. ###


You could see the friendly Sasage Kyosco the hexer and a wolf spider (ally
target).

Vanquished Creatures
  A two-headed ogre (D:9)
  Erica (D:8)
  3 death yaks (D:8)
  A kobold demonologist (D:7)
  A hornet (D:7)
  A wyvern (D:8)
  3 yaks (D:8)
  2 steam dragons
  A vampire mosquito (D:9)
  Menkaure (D:5)
  A water moccasin (D:5)
  2 orc warriors
  2 ice beasts
  An ogre (D:5)
  3 centaurs
  2 phantoms (D:4)
  Blork the orc (D:5)
  2 gnoll sergeants
  3 scorpions
  2 bullfrogs
  3 wights (D:6)
  A howler monkey (D:6)
  2 jellies (D:5)
  6 orc priests
  4 hounds
  Crazy Yiuf (D:7)
  3 iguanas
  3 hell rats
  4 orc wizards
  7 gnolls
  8 adders
  A river rat (D:9)
  A white imp (D:5)
  A worm (D:3)
  3 dart slugs
  22 orcs
  3 ball pythons
  7 bats
  5 endoplasms
  5 giant cockroaches
  6 goblins
  2 hobgoblins (D:1)
  4 jackals
  7 quokkas
  2 frilled lizards
  9 kobolds
  5 rats
159 creatures vanquished.

Vanquished Creatures (collateral kills)
  An ugly thing (D:9)
  Maggie (D:8)
  A yak (D:8)
  A basilisk (D:9)
  A necrophage (D:8)
  A wight (D:6)
  A howler monkey (D:5)
  2 hounds
  5 gnolls
  A river rat (D:8)
  An ufetubus (D:7)
  An orc (D:8)
  An endoplasm (D:4)
18 creatures vanquished.

Vanquished Creatures (others)
  A hexer (D:9)
  3 toadstools (D:4)
4 creatures vanquished.

Grand Total: 181 creatures vanquished

Notes
Turn   | Place    | Note
-------+----------+-------------------------------------------
     0 | D:1      | Arum the Formicid Fighter began the quest for the Orb.
     0 | D:1      | Reached XP level 1. HP: 18/18 MP: 1/1
   184 | D:1      | Reached XP level 2. HP: 24/24 MP: 2/2
   362 | D:1      | Found a faded altar of an unknown god.
   481 | D:1      | Prayed at the altar of an unknown god.
   481 | D:1      | Became a worshipper of Kikubaaqudgha
   481 | D:1      | Reached * piety under Kikubaaqudgha
   481 | D:1      | Received a gift from Kikubaaqudgha
   482 | D:1      | Fell from the grace of Kikubaaqudgha
   588 | D:1      | Reached XP level 3. HP: 29/30 MP: 3/3
   626 | D:1      | Reached skill level 4 in Fighting
  1142 | D:2      | Reached XP level 4. HP: 37/37 MP: 4/4
  1183 | D:2      | Found an ancient bone altar of Kikubaaqudgha.
  1632 | D:2      | Got Sif Muna's Volume of Guile
  1723 | D:3      | Found Fikume's Jewellery Shop.
  2138 | D:4      | Noticed a phantom
  2155 | D:4      | Killed a phantom
  2156 | D:4      | Reached skill level 5 in Fighting
  2156 | D:4      | Reached XP level 5. HP: 30/44 MP: 5/5
  3042 | D:4      | Reached XP level 6. HP: 31/51 MP: 6/6
  3172 | D:4      | Found a hazy altar of Hepliaklqana.
  3178 | D:4      | Became a worshipper of Hepliaklqana the Forgotten
  3635 | D:4      | Reached skill level 6 in Fighting
  3635 | D:4      | Reached XP level 7. HP: 55/58 MP: 7/7
  3675 | D:4      | Reached * piety under Hepliaklqana
  3961 | D:5      | Entered Level 5 of the Dungeon
  3994 | D:5      | Found a staircase to the Ecumenical Temple.
  4003 | D:5      | Reached skill level 5 in Maces & Flails
  4364 | D:5      | Noticed Menkaure
  4372 | D:5      | Killed Menkaure
  4595 | D:5      | HP: 2/53 [poisoned by a scorpion]
  5044 | D:5      | Reached XP level 8. HP: 58/58 MP: 8/8
  5269 | D:5      | Reached skill level 5 in Armour
  5279 | D:5      | Reached skill level 7 in Fighting
  6109 | D:5      | Noticed Blork the orc
  6121 | D:5      | Killed Blork the orc
  6403 | D:5      | Was forgiven by Kikubaaqudgha
  6569 | D:3      | Bought an amulet of reflection for 420 gold pieces
  7130 | D:6      | Found Plog's Distillery.
  7163 | D:6      | Reached XP level 9. HP: 66/66 MP: 9/9
  7173 | D:6      | Reached skill level 8 in Fighting
  8175 | D:7      | Reached ** piety under Hepliaklqana
  8176 | D:7      | Remembered your ancestor Sasage Kyosco as a hexer
  8449 | D:7      | Noticed a hornet
  8458 | D:7      | Killed a hornet
  8459 | D:7      | Reached skill level 9 in Fighting
  8579 | D:7      | Noticed a kobold demonologist
  8588 | D:7      | Killed a kobold demonologist
  8764 | D:7      | Found a runed translucent door.
  8765 | D:7      | Noticed Crazy Yiuf
  8772 | D:7      | Killed Crazy Yiuf
  8945 | D:8      | Reached XP level 10. HP: 74/74 MP: 10/10
  9152 | D:8      | Reached *** piety under Hepliaklqana
  9190 | D:8      | Noticed Maggie
  9198 | D:8      | Killed Maggie
  9231 | D:8      | Reached skill level 10 in Fighting
  9471 | D:8      | Noticed Erica
  9480 | D:8      | Killed Erica
 10011 | D:9      | Noticed a death yak
 10012 | D:9      | Noticed a death yak
 10016 | D:9      | Noticed a death yak
 10025 | D:8      | Killed a death yak
 10125 | D:8      | Killed a death yak
 10126 | D:8      | Reached skill level 11 in Fighting
 10126 | D:8      | Reached XP level 11. HP: 39/83 MP: 11/11
 10329 | D:8      | Reached skill level 10 in Armour
 10336 | D:8      | Killed a death yak
 10337 | D:8      | Reached skill level 10 in Maces & Flails
 10414 | D:9      | Noticed a two-headed ogre
 10458 | D:9      | Killed a two-headed ogre
 10463 | D:9      | Found a staircase to the Lair.
 10609 | D:9      | Noticed a green ugly thing
 10621 | D:9      | Killed a green ugly thing
 10669 | D:9      | Noticed a wolf spider
 10672 | D:9      | Noticed a centaur warrior
 10676 | D:9      | Slain by a wolf spider

Illustrated notes

Levels and vault maps discovered:
D:1:      enne_arrival_octagon_isle, layout_basic, ebering_ecumenical_altar_rust
D:2:      layout_loops_ring, basic_altar, serial_aquarium,
          aquarium_bridge_square [aquarium_subvault_bridge,
          aquarium_subvault_wall, aquarium_subvault_wall,
          aquarium_subvault_bridge], aquarium_window_2,
          aquarium_window_corridor_1, aquarium_window_1, aquarium_view_2c,
          aquarium_balcony_5b
D:3:      layout_basic, serial_shops, nicolae_shop_hallway_plus,
          minmay_hedge_maze, hex_intersection, minmay_cut_off
D:4:      layout_cave_pods, mainiacjoe_overflow_small_starburst,
          minmay_gold_behind_fungi
D:5:      minmay_recursive_quarters, layout_basic, minmay_temple_entry_mist,
          uniq_blork_the_orc, uniq_menkaure
D:6:      layout_loops_ring, serial_shops, nicolae_square_shop,
          hangedman_decor_lopped
D:7:      layout_cave_pools, uniq_crazy_yiuf_cottage
D:8:      layout_loops_cross, uniq_erica, uniq_maggie
D:9:      layout_roguey, dpeg_lair_monsters, nicolae_inconvenience_store,
          minmay_evil_grid

Skill      XL: |  1  2  3  4  5  6  7  8  9 10 11 |
---------------+----------------------------------+-----
Fighting       | 4 5 6 7 9 11 | 11.6
Maces & Flails | 3 4 5 6 8 9 10 | 10.5
Armour         | 4 6 8 9 10 | 10.7
Shields        | |  4.0

Action                   |  1- 3 |  4- 6 |  7- 9 | 10-12 || total
-------------------------+-------+-------+-------+-------++-------
Melee: Flail             |    64 |    24 |       |       ||    88
       Mace              |       |   113 |   131 |       ||   244
       Morningstar       |       |       |    10 |       ||    10
       Dire flail        |       |       |    56 |   125 ||   181
Invok: Renounce Religion |     1 |       |       |       ||     1
       Ancestor Identity |       |       |     1 |       ||     1
       Ancestor Life: He |       |       |     1 |       ||     1
 Abil: Dig               |       |       |     1 |     3 ||     4
  Use: Scroll            |       |       |    12 |     6 ||    18
       Potion            |       |       |       |     2 ||     2
 Stab: Confused          |       |       |       |     4 ||     4
       Distracted        |       |       |       |     2 ||     2
Armor: Scale mail        |    25 |    14 |       |       ||    39
       Chain mail        |       |    43 |       |       ||    43
       Plate armour      |       |    10 |    85 |    44 ||   139
Dodge: Dodged            |    21 |    54 |    54 |    29 ||   158
Block: Buckler           |    15 |    32 |    62 |    65 ||   174
       Reflection        |       |       |       |     3 ||     3
